 Dungeon Crawl Stone Soup version 0.20-a0-738-gb057e68 (webtiles) character file.

249 Gorglomux the Stinger (level 5, -1/28 HPs)
             Began as a Deep Elf Venom Mage on Feb 23, 2017.
             Was a Follower of Elyvilon.
             Slain by a phantom (7 damage)
             ... on level 3 of the Dungeon.
             The game lasted 00:08:20 (3254 turns).

Gorglomux the Stinger (Deep Elf Venom Mage)         Turns: 3254, Time: 00:08:21

Health: -1/28      AC:  2    Str:  5    XL:     5   Next: 86%
Magic:  7/11       EV: 13    Int: 21    God:    Elyvilon [*.....]
Gold:   183        SH:  0    Dex: 15    Spells: 3/10 levels left

rFire    . . .     SeeInvis +   (no weapon)
rCold    . . .     Gourm    .   a - +0 robe
rNeg     . . .     Faith    .   (no shield)
rPois    .         Spirit   .   (no helmet)
rElec    .         Reflect  .   (no cloak)
rCorr    .         Harm     .   (no gloves)
MR       .....                  (no boots)
Stlth    ++........             (no amulet)
Regen    0.1/turn               p - ring of wizardry
MPRegen  0.2/turn               s - ring of see invisible

@: no status effects
A: no striking features
a: Lesser Healing, Divine Protection, Renounce Religion


You were on level 3 of the Dungeon.
You worshipped Elyvilon.
Elyvilon was aware of your devotion.
You were not hungry.

You visited 1 branch of the dungeon, and saw 4 of its levels.

You collected 183 gold pieces.

Inventory:

Armour
 a - a +0 robe (worn)
Jewellery
 j - a +2 ring of intelligence
 p - a ring of wizardry (right hand)
 s - a ring of see invisible (left hand)
Scrolls
 e - a scroll of immolation {unknown}
 f - a scroll of enchant weapon {unknown}
 i - a scroll of random uselessness {unknown}
 k - 3 scrolls of remove curse
 q - a scroll of magic mapping {unknown}
 t - a scroll of amnesia {unknown}
 R - a scroll of identify
 T - 2 scrolls of teleportation
 U - a scroll of enchant armour {unknown}
Potions
 m - 2 potions of curing
 n - a potion of agility
 v - a potion of magic
 V - a potion of degeneration {unknown}
Books
 b - a Young Poisoner's Handbook

   Spells                             Type                      Level
   a - Sting                          Conjuration/Poison           1
   b - Poisonous Vapours              Poison/Air                   2
   c - Mephitic Cloud                 Conjuration/Poison/Air       3
   d - Olgreb's Toxic Radiance        Poison                       4
   e - Venom Bolt                     Conjuration/Poison           5
Comestibles
 c - 2 bread rations
 l - 2 meat rations
 o - 3 fruits
 w - a royal jelly
 W - a chunk of flesh


   Skills:
 - Level 2.4 Dodging
 - Level 2.4 Stealth
 - Level 3.0 Spellcasting
 - Level 3.0 Conjurations
 - Level 3.0 Air Magic
 + Level 5.5 Poison Magic


You had 3 spell levels left.
You knew the following spells:

 Your Spells              Type           Power        Failure   Level  Hunger
a - Sting                 Conj/Pois      ###.         1%          1    None
b - Poisonous Vapours     Pois/Air       ###...       1%          2    ##.....
c - Olgreb's Toxic Radia  Pois           ####....     7%          4    ####...


Dungeon Overview and Level Annotations

Branches:
Dungeon (4/15)
 Temple: D:4-7

Altars:
Cheibriados
Elyvilon
Hepliaklqana


Message History

Confirm with . or Enter, or press ? or * to list all spells.
You begin to radiate toxic energy.
The worm is poisoned.
The crimson imp hits you.
* * * LOW HITPOINT WARNING * * *
The crimson imp closely misses you.
The worm looks even sicker.
Your toxic aura wanes.
The crimson imp hits you.
* * * LOW HITPOINT WARNING * * *
The crimson imp barely misses you. The crimson imp closely misses you.
The crimson imp misses you. The crimson imp closely misses you.
You barely miss the crimson imp.
The crimson imp blinks!
There are monsters nearby!
Okay, then.
You are healed.
You feel somewhat more hungry. The phantom hits you.
* * * LOW HITPOINT WARNING * * *
You fail to use your ability.
The phantom hits you!
You die...

#.# #.# #...# #......# ## #.# #.#
#.#.###.########. #.# #.#
#.#.....# #..)... #.# #.#
#.###.### #.##...
#.######.########.###.#####.##.#.
#>................##........##.#.
########.#######..#.....######.#.
#.###......#.###...####.#.
#...)....@5..# #..).......
#.###.####W#.###.#.####...
#................#.##.....
#.###.####.###........##.# #.#
#.####.# ##.##.#####.# #.#
#......# #.##.# #.# #.# ####...#
#.##.# #.# #.# #..## #.##.#####.#
#.######<.#####...........


You could see a phantom and a crimson imp.

Vanquished Creatures
  2 orc wizards (D:4)
  2 worker ants (D:4)
  3 gnolls (D:3)
  6 adders
  2 dart slugs (D:1)
  A leopard gecko (D:4)
  7 orcs
  A bat (D:1)
  6 giant cockroaches
  4 goblins
  6 hobgoblins
  A jackal (D:1)
  5 kobolds
  A quokka (D:1)
  3 frilled lizards
  7 rats
57 creatures vanquished.

Notes
Turn   | Place    | Note
-------+----------+-------------------------------------------
     0 | D:1      | Gorglomux the Deep Elf Venom Mage began the quest for the Orb.
     0 | D:1      | Reached XP level 1. HP: 10/10 MP: 6/6
   280 | D:1      | Reached XP level 2. HP: 15/15 MP: 2/8
   527 | D:1      | Learned a level 2 spell: Poisonous Vapours
   734 | D:1      | Reached skill level 3 in Conjurations
   854 | D:2      | Found a white marble altar of Elyvilon.
   865 | D:2      | Became a worshipper of Elyvilon the Healer
   890 | D:2      | Reached skill level 1 in Air Magic
   890 | D:2      | Reached XP level 3. HP: 19/19 MP: 2/9
  1110 | D:2      | Found a hazy altar of Hepliaklqana.
  1688 | D:3      | Reached * piety under Elyvilon
  1900 | D:3      | Reached XP level 4. HP: 24/24 MP: 1/10
  2020 | D:3      | Learned a level 4 spell: Olgreb's Toxic Radiance
  2059 | D:3      | Found a snail-covered altar of Cheibriados.
  2199 | D:3      | Reached skill level 3 in Air Magic
  2768 | D:4      | Reached skill level 4 in Poison Magic
  2828 | D:4      | Reached XP level 5. HP: 28/28 MP: 3/11
  2851 | D:4      | Reached skill level 5 in Poison Magic
  3184 | D:4      | Noticed a phantom
  3254 | D:3      | Slain by a phantom

Vault maps used:
D:1:      matt_arrival_diagonals, minmay_tripent
D:2:      lemuel_crystal_altar, nicolae_overflow_crystal_walls
D:3:      overflow_temple_1_default, first_bread
D:4:      chequers_temple_overflow_statue_of_worship, grunt_dithmenos_smoke

Skill      XL: |  1  2  3  4  5 |
---------------+----------------+-----
Conjurations   | 2 3 |  3.0
Air Magic      | 1 2 3 |  3.0
Poison Magic   | 4 5 |  5.5
Dodging        | |  2.4
Stealth        | |  2.4
Spellcasting   | |  3.0

Action                   |  1- 3 |  4- 6 || total
-------------------------+-------+-------++-------
Melee: Unarmed           |     5 |     7 ||    12
 Cast: Sting             |    33 |    15 ||    48
       Poisonous Vapours |    24 |    17 ||    41
       Olgreb's Toxic Ra |       |     3 ||     3
Invok: Lesser Healing    |       |     1 ||     1
  Use: Potion            |     1 |       ||     1
       Scroll            |       |     4 ||     4
  Eat: Chunk             |     4 |     5 ||     9
Armor: Robe              |     4 |     4 ||     8
Dodge: Dodged            |     8 |    39 ||    47
